 Dungeon Crawl Stone Soup version 0.21-a0-509-gecc5317 (webtiles) character file.

163 Laiders the Insei (level 5, -2/40 HPs)
             Began as a Draconian Transmuter on Dec 1, 2017.
             Slain by Laiders's ghost (8 damage)
             ... on level 3 of the Dungeon.
             The game lasted 00:06:57 (2828 turns).

Laiders the Insei (Draconian Transmuter)            Turns: 2828, Time: 00:06:58

Health: -2/40      AC:  2    Str: 10 (12) XL:     5   Next: 20%
Magic:  7/9        EV: 19    Int: 14      God:
Gold:   66         SH:  0    Dex: 16 (17) Spells: 4/10 levels left

rFire    . . .     SeeInvis .     - Unarmed
rCold    . . .     Gourm    .   (shield currently unavailable)
rNeg     . . .     Faith    .   (armour unavailable)
rPois    x         Spirit   .   (helmet currently unavailable)
rElec    .         Reflect  .   (cloak currently unavailable)
rCorr    .         Harm     .   (gloves currently unavailable)
MR       .....                  (boots currently unavailable)
Stlth    +.........             (no amulet)
HPRegen  0.13/turn              (no ring)
MPRegen  0.11/turn              (no ring)

@: spider-form (expiring)
A: tiny, unfitting armour, AC +5
a: End Transformation


You were on level 3 of the Dungeon.
You were not hungry.
You were a venomous arachnid creature.
You visited 1 branch of the dungeon, and saw 3 of its levels.

You collected 66 gold pieces.

Inventory:

Missiles
 a - 7 arrows
Armour
 d - a +2 cloak of magic resistance (melded)
Jewellery
 e - an uncursed amulet of harm {unknown}
Scrolls
 f - a scroll of enchant armour
 l - 2 scrolls of identify
Potions
 g - a potion of magic
 i - a potion of curing
 j - a potion of lignification
 k - a potion of flight
Books
 b - a book of Changes

   Spells                             Type                      Level
   a - Beastly Appendage              Transmutation                1
   b - Sticks to Snakes               Transmutation                2
   c - Spider Form                    Transmutation/Poison         3
   d - Ice Form                       Ice/Transmutation            4
   e - Blade Hands                    Transmutation                5
Comestibles
 c - a bread ration
 h - 5 chunks of flesh


   Skills:
 - Level 1.1 Fighting
 - Level 1.7 Dodging
 + Level 4.2 Unarmed Combat
 + Level 3.2 Spellcasting
 + Level 3.5 Transmutations


You had 4 spell levels left.
You knew the following spells:

 Your Spells              Type           Power        Failure   Level  Hunger
a - Beastly Appendage     Tmut           ##....       14%         1    #......
b - Sticks to Snakes      Tmut           ##......     21%         2    ##.....
c - Spider Form           Tmut/Pois      #.........   52%         3    ###....


Dungeon Overview and Level Annotations

Branches:
Dungeon (3/15)

Altars:
Wu Jian

Annotations:
D:3 Laiders's ghost, weakling DrTm


Innate Abilities, Weirdness & Mutations

((Your plain brown scales are hard. (AC +5)))
You cannot fit into any form of body armour.
((You are cold-blooded and may be slowed by cold attacks.))


Message History

Laiders's ghost is lightly damaged.
Laiders's ghost hits you!
The giant cockroach bites you but does no damage.
You hit Laiders's ghost.
Laiders's ghost is lightly damaged.
Laiders's ghost says, "You must not succeed where I failed!"
Laiders's ghost hits you! The giant cockroach barely misses you.
You barely miss Laiders's ghost.
Laiders's ghost is lightly damaged.
Laiders's ghost hits you! The giant cockroach misses you.
You bite Laiders's ghost!
Laiders's ghost is moderately damaged.
Laiders's ghost hits you!
* * * LOW HITPOINT WARNING * * *
The giant cockroach completely misses you.
You barely miss Laiders's ghost.
Laiders's ghost is moderately damaged.
The giant cockroach completely misses you.
Laiders's ghost hits you!
You die...

#.##..# #.##..#
#.....# ####..#
########..###.#
#.............#
......#...#####
#.###
#..$#####..
#.sW.......
#s#.#####..
.....# .....#.#
#######.. ##.#
.# .#


You could see Laiders's ghost and a giant cockroach.

Vanquished Creatures
  Robin (D:2)
  2 gnolls (D:2)
  3 adders (D:2)
  An ooze (D:2)
  A worm (D:2)
  3 dart slugs
  4 leopard geckos
  2 giant cockroaches (D:2)
  17 goblins
  11 hobgoblins
  10 jackals
  5 kobolds
  A ball python (D:2)
  10 bats
  3 frilled lizards
  6 rats
80 creatures vanquished.

Vanquished Creatures (collateral kills)
  A gnoll (D:2)
1 creature vanquished.

Grand Total: 81 creatures vanquished

Notes
Turn   | Place    | Note
-------+----------+-------------------------------------------
     0 | D:1      | Laiders the Draconian Transmuter began the quest for the Orb.
     0 | D:1      | Reached XP level 1. HP: 16/16 MP: 3/3
    96 | D:1      | Reached XP level 2. HP: 2/23 MP: 5/5
   968 | D:1      | Reached XP level 3. HP: 25/28 MP: 6/6
  1008 | D:1      | Learned a level 2 spell: Sticks to Snakes
  1028 | D:1      | Learned a level 3 spell: Spider Form
  1114 | D:2      | Noticed Robin
  1310 | D:2      | Killed Robin
  1322 | D:2      | Reached XP level 4. HP: 9/35 MP: 8/8
  1837 | D:2      | Found an ornate altar of the Wu Jian Council.
  2158 | D:2      | Reached skill level 4 in Unarmed Combat
  2207 | D:2      | Reached XP level 5. HP: 8/40 MP: 1/9
  2568 | D:2      | Found a faded altar of an unknown god.
  2813 | D:3      | Noticed Laiders's ghost (weakling DrTm)
  2828 | D:3      | Slain by Laiders's ghost

Vault maps used:
D:1:      dpeg_arrival_rooms_a, amethyst_killhole
D:2:      lemuel_coloured_pillars_altar, chequers_ecumenical_altar_island,
          roderic_lattice_a, uniq_robin
D:3:      first_bread, nicolae_gozag_cash_rules_everything_around_me

Skill      XL: |  1  2  3  4 |
---------------+-------------+-----
Transmutations | 3 |  3.5
Spellcasting   | 3 |  3.2
Unarmed Combat | 4 |  4.2
Fighting       | |  1.1
Dodging        | |  1.7

Action                   |  1- 3 |  4- 6 || total
-------------------------+-------+-------++-------
Melee: Unarmed           |   177 |   136 ||   313
       Tailslap          |    18 |    11 ||    29
       Headbutt          |     2 |     1 ||     3
       Punch             |     1 |       ||     1
       Kick              |       |     3 ||     3
 Cast: Beastly Appendage |     3 |     6 ||     9
       Sticks to Snakes  |       |     5 ||     5
       Spider Form       |       |     1 ||     1
  Use: Potion            |     3 |       ||     3
       Scroll            |       |     5 ||     5
  Eat: Chunk             |     1 |     6 ||     7
Armor: Skin              |   123 |    68 ||   191
Dodge: Dodged            |   192 |   127 ||   319

Table legend:
 A = Spawn XP
 B = Non-spawn XP
 C = Spawn XP percentage of total XP
 D = Spawn monster count
 E = Non-spawn monster count
 F = Spawn count percentage of total count
 G = Total turns spent on level
                    A         B        C        D         E        F      G
               +---------+---------+-------+---------+---------+-------+---------
         Total |       0 |     233 |   0.0 |       0 |      81 |   0.0 |  2828
               +---------+---------+-------+---------+---------+-------+---------
           D:1 |       0 |      64 |   0.0 |       0 |      33 |   0.0 |  1271
           D:2 |       0 |     168 |   0.0 |       0 |      47 |   0.0 |  1529
           D:3 |       0 |       1 |   0.0 |       0 |       1 |   0.0 |    28
               +---------+---------+-------+---------+---------+-------+---------
